 Dungeon Crawl Stone Soup version 0.30-a0-996-ga6910c8ee8 (webtiles) character file.

Game seed: 12804828270758001333

6778 Jackthecabe the Covert (level 11, -1/63 HPs)
             Began as a Vine Stalker Brigand on Apr 4, 2023.
             Was a Believer of Wu Jian.
             Slain by a komodo dragon (23 damage)
             ... on level 10 of the Dungeon.
             The game lasted 00:21:33 (9909 turns).

Jackthecabe the Covert (Vine Stalker Brigand)       Turns: 9909, Time: 00:21:34

Health: -1/63      AC: 11    Str: 12 (14) XL:     11   Next: 4%
Magic:  0/12       EV: 11    Int: 11      God:    Wu Jian [**....]
Gold:   162        SH:  5    Dex: 19 (20) Spells: 10/10 levels left

rFire   + . .      SeeInvis .    s - +3 dagger (speed)
rCold   . . .      Faith    .    (no shield)
rNeg    . . .      Spirit   +    a - +2 leather armour {rF+}
rPois   .          Reflect  +    l - +0 helmet
rElec   .          Rampage  .    c - +0 cloak
rCorr   .                        (no gloves)
Will    +....                    (no boots)
Stlth   +++++                    J - amulet of reflection
HPRegen 1.10/turn                (no ring)
MPRegen 0.13/turn                T - +4 ring of protection

@: no status effects
A: fangs 3, regeneration 1, magic shield, antimagic bite, no potion heal 2
a: Renounce Religion, Wall Jump


You were on level 10 of the Dungeon.
You worshipped Wu Jian.
Wu Jian was pleased with you.
You visited 2 branches of the dungeon, and saw 11 of its levels.

You collected 522 gold pieces.
You spent 360 gold pieces at shops.


Innate Abilities, Weirdness & Mutations

You have razor-sharp teeth.
Your natural rate of healing is unusually fast.
When hurt, damage is shared between your health and your magic reserves.
Your bite disrupts and absorbs the magic of your enemies.
Potions cannot restore your health.


   Skills:
 - Level 10.0 Fighting
 * Level 8.6 Short Blades
 - Level 1.7 Throwing
 - Level 0.7 Dodging
 + Level 12.4 Stealth


You had 10 spell levels left.
You didn't know any spells.
Your spell library contained the following spells:

 Spells                   Type           Power      Damage    Failure   Level
 Kiss of Death            Conj/Necr      0%         2d5       41%         1
 Ensorcelled Hibernation  Hex/Ice        0%         N/A       56%         2
 Spider Form              Tmut/Pois      0%         N/A       80%         3
 Stone Arrow              Conj/Erth      0%         3d7       80%         3
 Anguish                  Hex/Necr       0%         N/A       99%         4
 Lee's Rapid Deconstruct  Erth           0%         3d4*      100%        5
 Simulacrum               Ice/Necr       0%         N/A       100%        6

Inventory:

Hand Weapons
 n - a +0 rapier
 r - a +1 falchion of holy wrath
 s - a +3 dagger of speed (weapon)
Missiles
 e - 4 curare-tipped darts {=f}
 E - 30 poisoned darts (quivered)
Armour
 a - a +2 leather armour of fire resistance (worn)
 c - a +0 cloak (worn)
 l - a +0 helmet (worn)
 m - an orb of light
 I - the +0 cloak of the Hall of Blades {-Tele rElec SInv Stlth-}
   (You found it on level 8 of the Dungeon)

   rElec:     It insulates you from electricity.
   SInv:      It lets you see invisible.
   -Tele:     It prevents most forms of teleportation.
   Stlth:     It makes you less stealthy.
Jewellery
 d - a +6 ring of dexterity
 C - a ring of ice
 D - a +6 ring of dexterity
 J - an amulet of reflection (around neck)
 T - a +4 ring of protection (right hand)
Wands
 H - a wand of polymorph (7)
 K - a wand of flame (5)
Scrolls
 h - a scroll of amnesia
 i - a scroll of enchant armour
 j - 3 scrolls of immolation
 k - 4 scrolls of butterflies
 p - 2 scrolls of noise
 q - 2 scrolls of brand weapon
 t - a scroll of fear
 v - 8 scrolls of teleportation {unknown}
 w - a scroll of enchant weapon
 y - a scroll of silence {!r}
Potions
 b - a potion of haste {@q3}
 f - a potion of magic
 g - 9 potions of curing {@q1}
 o - a potion of heal wounds {@q2}
 u - a potion of degeneration
 x - 2 potions of might
 z - a potion of cancellation
 A - a potion of berserk rage {!q}
 B - a potion of lignification
 F - 2 potions of mutation
 G - 2 potions of flight {unknown}

Dungeon Overview and Level Annotations

Branches:
Dungeon (10/15)            Temple (1/1) D:6
   Lair: D:8-11         Orc: D:9-12

Altars:
Ashenzari
Cheibriados
Dithmenos
Elyvilon
Fedhas
Gozag
Hepliaklqana
Kikubaaqudgha
Makhleb
Nemelex Xobeh
Okawaru
Qazlal
Ru
Sif Muna
Trog
Uskayaw
Vehumet
Wu Jian
Xom
Yredelemnul
The Shining One

Shops:
D:8

! ...# #.........#
#........#
...########.......###
#.<......#
...#..............#
#.Y.......
...+.######.......#
#........# ...#
###.##### #..Y.....#
...# #.### #......!.#
#### #...##
#######!## ###..# .#
##@# # #......l.#
#........# #####
#........# ......
#........+ ######
+.=......# #........#
#<.......#


You could see a komodo dragon.


Message History

You open the door.
A komodo dragon comes into view.
Found a scorched jade ring.
Found an escape hatch in the ceiling.
The komodo dragon hisses angrily.
There is an open door here.
You hit the komodo dragon. You bite the komodo dragon! You drain its power.
The komodo dragon is moderately wounded.
The komodo dragon bites you!!
You hit the komodo dragon. You bite the komodo dragon. You drain its power.
You feel invigorated.
The komodo dragon is moderately wounded.
You hit the komodo dragon but do no damage.
Your punch misses the komodo dragon.
You bite the komodo dragon, but do no damage.
The komodo dragon is moderately wounded.
The komodo dragon bites you!
You hit the komodo dragon but do no damage.
You punch the komodo dragon, but do no damage.
You bite the komodo dragon, but do no damage.
The komodo dragon is moderately wounded.
You completely miss the komodo dragon.
The komodo dragon is moderately wounded.
You hit the komodo dragon but do no damage.
The komodo dragon is moderately wounded.
The komodo dragon bites you!!
* * * LOW HITPOINT WARNING * * *
The komodo dragon attacks as you move away!
The komodo dragon bites you!!
You die...

Skill      XL: |  1  2  3  4  5  6  7  8  9 10 |
---------------+-------------------------------+-----
Short Blades   | 2 3 4 5 6 8 |  8.6
Fighting       | 2 4 6 10 | 10.0
Stealth        | 5 9 12 | 12.4
Throwing       | |  1.7
Dodging        | |  0.7

Action                     |  1- 3 |  4- 6 |  7- 9 | 10-12 || total
---------------------------+-------+-------+-------+-------++-------
  Melee: Dagger            |   104 |   165 |   281 |   351 ||   901
         Bite              |    24 |    53 |   111 |   134 ||   322
         Punch             |       |     1 |     7 |     4 ||    12
  Throw: Dart              |       |     4 |    20 |     5 ||    29
Ability: Lunge             |       |       |    16 |    22 ||    38
         Wall Jump         |       |       |       |     4 ||     4
         Whirlwind         |       |       |       |     3 ||     3
    Use: Scroll            |       |       |     9 |     3 ||    12
         Potion            |       |       |       |     3 ||     3
   Stab: Sleeping          |     5 |     9 |     8 |     6 ||    28
         Distracted        |     1 |       |     2 |     3 ||     6
 Armour: Leather armour    |    21 |    33 |    42 |    45 ||   141
  Dodge: Dodged            |    49 |    52 |    74 |    90 ||   265
  Block: Other             |       |       |       |    22 ||    22

Levels and vault maps discovered:
D:1:      scummos_arrival_checkerplants, layout_basic
D:2:      layout_loops_ring, serial_undead, serial_undead_d, serial_undead_c,
          serial_undead_c, serial_undead_b, uniq_robin
D:3:      cheibrodos_fertilizer, layout_loops_cross,
          mainiacjoe_overflow_tiny_flanked
D:4:      layout_gridville
D:5:      layout_loops_ring, mainiacjoe_overflow_small_starburst
D:6:      layout_layer_cave, grunt_dithmenos_smoke_and_mirrors,
          okawaru_metal_pillars_1_2, mainiacjoe_overflow_chevrons,
          nicolae_overflow_crystal_walls, elyvilon_altar_1,
          minmay_temple_entry_statues, eino_curves_03, lemuel_flamethrower_2,
          uniq_edmund, uniq_eustachio
D:7:      layout_rooms, uniq_maggie, uniq_duvessa
D:8:      layout_loops_ring, serial_shops, nicolae_shop_behind_doors,
          kennysheep_potato, uniq_psyche
D:9:      layout_layer_cave, bh_circular_ruins, uniq_erica
D:10:     layout_roguey, mainiacjoe_overflow_alcove_1
Temple:   minmay_temple_curvy_branch

Notes
Turn   | Place    | Note
-------+----------+-------------------------------------------
     0 | D:1      | Jackthecabe the Vine Stalker Brigand began the quest for
                  | the Orb.
     0 | D:1      | Reached XP level 1. HP: 11/11 MP: 2/2
   122 | D:1      | Reached skill level 2 in Short Blades
   214 | D:1      | Got Ankev's Notes on Geology and Gloom
   480 | D:1      | Reached XP level 2. HP: 14/15 MP: 3/3
   878 | D:2      | Reached skill level 3 in Short Blades
   895 | D:2      | Noticed Robin
  1080 | D:2      | Reached XP level 3. HP: 18/18 MP: 4/4
  1361 | D:2      | Killed Robin
  1478 | D:2      | Gained mutation: Your natural rate of healing is unusually
                  | fast. [Vine Stalker growth]
  1478 | D:2      | Reached XP level 4. HP: 23/23 MP: 5/5
  1718 | D:2      | Reached skill level 4 in Short Blades
  1841 | D:3      | Reached XP level 5. HP: 16/26 MP: 4/6
  2035 | D:3      | Found an opulent altar of Gozag.
  2529 | D:3      | Reached skill level 5 in Short Blades
  2609 | D:4      | Reached XP level 6. HP: 30/30 MP: 7/7
  3005 | D:4      | Reached skill level 6 in Short Blades
  3603 | D:5      | Entered Level 5 of the Dungeon
  3731 | D:5      | Reached XP level 7. HP: 34/34 MP: 8/8
  4050 | D:5      | Reached skill level 7 in Short Blades
  4135 | D:5      | Found a sacrificial altar of Ru.
  4522 | D:6      | Found a staircase to the Ecumenical Temple.
  4537 | Temple   | Entered the Ecumenical Temple
  4806 | Temple   | Became a worshipper of the Wu Jian Council
  4966 | D:6      | Found a stormy altar of Qazlal.
  5006 | D:6      | Found a shadowy altar of Dithmenos.
  5027 | D:6      | Found a shimmering altar of Xom.
  5110 | D:6      | Reached skill level 8 in Short Blades
  5110 | D:6      | Reached skill level 2 in Fighting
  5110 | D:6      | Reached skill level 5 in Stealth
  5140 | D:6      | Noticed Eustachio
  5152 | D:6      | Killed Eustachio
  5153 | D:6      | Gained mutation: You have razor-sharp teeth. [Vine Stalker
                  | growth]
  5153 | D:6      | Reached XP level 8. HP: 39/39 MP: 7/9
  5190 | D:6      | Noticed Edmund
  5207 | D:6      | Killed Edmund
  5208 | D:6      | Reached skill level 3 in Fighting
  5217 | D:6      | Found a white marble altar of Elyvilon.
  5252 | D:6      | Found an iron altar of Okawaru.
  5780 | D:7      | Noticed Dowan
  5792 | D:6      | Reached skill level 6 in Stealth
  5909 | D:7      | Reached skill level 4 in Fighting
  5925 | D:7      | Reached skill level 7 in Stealth
  5932 | D:7      | Reached skill level 8 in Stealth
  6188 | D:7      | Noticed Duvessa
  6346 | D:7      | Killed Duvessa
  6347 | D:7      | Reached skill level 9 in Stealth
  6347 | D:7      | Reached XP level 9. HP: 45/45 MP: 10/10
  6352 | D:7      | Killed Dowan
  6401 | D:7      | Reached skill level 10 in Stealth
  6634 | D:7      | Noticed Maggie
  6692 | D:7      | Reached skill level 11 in Stealth
  6741 | D:7      | Killed Maggie
  6826 | D:7      | Reached skill level 12 in Stealth
  6936 | D:7      | Reached skill level 5 in Fighting
  7159 | D:8      | Found Nupsu's Distillery.
  7162 | D:8      | Bought a potion of haste for 120 gold pieces
  7162 | D:8      | Bought a potion of might for 48 gold pieces
  7162 | D:8      | Bought a potion of magic for 96 gold pieces
  7162 | D:8      | Bought a potion of cancellation for 96 gold pieces
  7169 | D:8      | Noticed Psyche
  7171 | D:8      | Killed Psyche
  7277 | D:8      | Reached skill level 6 in Fighting
  7293 | D:8      | Reached XP level 10. HP: 51/53 MP: 8/11
  7325 | D:8      | Reached skill level 7 in Fighting
  7381 | D:8      | Reached * piety under Wu Jian
  7612 | D:8      | Identified the +0 cloak of the Hall of Blades {-Tele rElec
                  | SInv Stlth-}
  8002 | D:8      | Reached skill level 8 in Fighting
  8384 | D:9      | Reached skill level 9 in Fighting
  8398 | D:9      | Reached ** piety under Wu Jian
  8783 | D:9      | Noticed Erica
  8805 | D:9      | Killed Erica
  8806 | D:9      | Reached skill level 10 in Fighting
  8825 | D:9      | HP: 5/59 [poisoned by a killer bee]
  8827 | D:9      | HP: 2/59 [poisoned by a killer bee]
  8832 | D:9      | HP: 2/59 [poisoned by a killer bee]
  9680 | D:9      | Reached XP level 11. HP: 63/63 MP: 12/12
  9706 | D:10     | Entered Level 10 of the Dungeon
  9909 | D:10     | Slain by a komodo dragon

Vanquished Creatures
  Erica (D:9)
  Maggie (D:7)
  Psyche (D:8)
  A wyvern (D:9)
  6 yaks (D:9)
  Eustachio (D:6)
  Edmund (D:6)
  An acid dragon (D:9)
  Duvessa (D:7)
  3 water moccasins
  4 orc warriors
  3 black bears
  An ice beast (D:8)
  2 sky beasts
  An ogre (D:5)
  3 centaurs
  3 kobold brigands
  4 bullfrogs
  A scorpion (D:4)
  11 wights
  Dowan (D:7)
  12 killer bees
  4 howler monkeys
  A gnoll bouda (D:3)
  6 orc priests
  2 hounds (D:5)
  3 jellies
  2 sleepcaps
  2 iguanas (D:5)
  2 orc wizards
  2 human simulacra (D:9)
  Robin (D:2)
  7 adders
  6 gnolls
  2 white imps
  2 ufetubi
  An adder zombie (D:2)
  A dart slug (D:2)
  15 orcs
  4 bats
  A bat skeleton (D:2)
  10 endoplasms
  2 giant cockroaches
  10 goblins
  4 hobgoblins
  2 jackals (D:2)
  22 kobolds
  A quokka (D:2)
  6 ball pythons
  A ball python skeleton (D:2)
  6 rats
191 creatures vanquished.

Vanquished Creatures (others)
  An ice beast (D:6)
  A shadow imp (D:6)
  An orc (D:6)
  2 fungi (D:3)
  5 toadstools (D:3)
  A withered plant (D:2)
11 creatures vanquished.

Grand Total: 202 creatures vanquished

Table legend: (Time is in decaauts)
 A = Elapsed time spent in this place.
 B = Non-inter-level travel time spent in this place.
 C = Inter-level travel time spent in this place.
 D = Time resting spent in this place.
 E = Time spent auto-exploring this place.
 F = Levels seen in this place.
 G = Mean time per level.
                   A        B        C        D        E       F      G
               +--------+--------+--------+--------+--------+-----+--------+
         Total |   9534 |   8715 |    819 |    539 |   6178 |  11 |  866.7 |
       Dungeon |   9242 |   8466 |    776 |    539 |   5931 |  10 |  924.2 |
        Temple |    291 |    248 |     43 |      0 |    247 |   1 |  291.0 |
               +--------+--------+--------+--------+--------+-----+--------+

Top non-repeatable levels by time:
     D:6: 1546 daAuts
     D:9: 1506 daAuts
     D:2: 1166 daAuts
     D:8: 982 daAuts
     D:4: 852 daAuts
     D:7: 804 daAuts
     D:3: 801 daAuts
     D:5: 724 daAuts
     D:1: 720 daAuts
  Temple: 291 daAuts
    D:10: 136 daAuts

Table legend:
 A = Non-vault XP
 B = Vault XP
 C = Vault XP percentage of total XP
 D = Non-vault monster count
 E = Vault monster count
 F = Vault count percentage of total count
                 A         B        C        D         E       F
            +---------+---------+-------+---------+---------+-------
      Total |    7068 |    2615 |  27.0 |     155 |      36 |  18.8
            +---------+---------+-------+---------+---------+-------
        D:1 |      16 |       0 |   0.0 |      11 |       0 |   0.0
        D:2 |      57 |      37 |  39.4 |      19 |      11 |  36.7
        D:3 |     166 |      66 |  28.4 |      14 |      14 |  50.0
        D:4 |     206 |       0 |   0.0 |       9 |       0 |   0.0
        D:5 |     430 |       0 |   0.0 |      13 |       0 |   0.0
        D:6 |     400 |     365 |  47.7 |       6 |       2 |  25.0
        D:7 |    1643 |     646 |  28.2 |      21 |       3 |  12.5
        D:8 |    1502 |     623 |  29.3 |      34 |       3 |   8.1
        D:9 |    2648 |     878 |  24.9 |      28 |       3 |   9.7
            +---------+---------+-------+---------+---------+-------
